AoeStats
← kingadelbern

Migration

507336805Analyzed
1v1 RM · 15d ago on Sep 17, 2026· 68m 1s· 2 players
Game mode
Random Map
Map size
132×132
Population
200
Speed
Normal
Resources
Standard
Victory
Conquest
Starting age
Dark Age
Ending age
Imperial Age
RankedLock teamsTeams togetherTeam positionsShared explorationLock speedFull tech treeHidden civsTurbo modeCheats
Victory
Defeat
🇺🇸 Mongols · United States
600
+17
🇺🇸 Teutons · United States
624
-17
BigChEEese32
5:44 Loom
11:24 Feudal Age
12:12 Horse Collar
12:19 Double-Bit Axe
15:48 Fishing Lines
17:42 Scale Barding Armor
17:40 Padded Archer Armor
17:31 Fletching
19:53 Castle Age
19:37 Bloodlines
21:39 Medium Warships
21:21 Gillnets
21:31 Bodkin Arrow
22:00 Stone Mining
22:20 Husbandry
33:49 Imperial Age
38:05 Bracer
38:21 Leather Archer Armor
42:25 Ballistics
43:06 Chemistry
43:50 Heavy Warships
50:13 Elite Mangudai
51:21 Drill
51:02 Nomads
55:34 Heavy Scorpion
59:25 Bow Saw
61:11 Heavy Warships
62:23 Siphons
62:44 Shipwright
62:58 Clinker Construction
63:00 Careening
kingadelbern
12:29 Feudal Age
16:54 Fishing Lines
18:46 Wheelbarrow
21:06 Castle Age
18:58 Double-Bit Axe
18:57 Horse Collar
19:13 Gold Mining
21:43 Loom
27:45 Hand Cart
31:55 Bow Saw
31:12 Elite Skirmisher
33:09 Medium Warships
32:53 Gillnets
46:34 Bloodlines
50:00 Imperial Age
51:38 Fletching
52:01 Forging
51:57 Scale Barding Armor
54:53 Cavalier
56:20 Heavy Warships
56:50 Bodkin Arrow
57:28 Crenellations
57:17 Paladin
59:01 Town Watch
60:29 Guard Tower
63:46 Chemistry
63:10 Ballistics
66:41 Chain Barding Armor
67:10 Iron Casting
Connection lost

Rejoining the realm…

Still unreachable

The connection could not be restored.

Session expired

The server has moved on; the page needs a fresh start.